 Dungeon Crawl Stone Soup version 0.28.0-53-g5a82cb258f (webtiles) character file.

Game seed: 2338399821308874845

303 GigaChad the Slasher (level 6, -2/51 HPs)
             Began as a Minotaur Gladiator on Aug 22, 2022.
             Was a Priest of Jiyva.
             Killed from afar by a deep elf pyromancer (10 damage)
             ... with a sticky flame
             ... on level 7 of the Dungeon.
             The game lasted 00:09:08 (2654 turns).

GigaChad the Slasher (Minotaur Gladiator)           Turns: 2654, Time: 00:09:08

Health: -2/51      AC:  4    Str: 18    XL:     6   Next: 15%
Magic:  5/5        EV: 11    Int:  7    God:    Jiyva [***...]
Gold:   140        SH:  8    Dex: 12    Spells: 5/5 levels left

rFire   . . .      SeeInvis .   a - +0 long sword
rCold   . . .      Faith    .   k - +0 kite shield
rNeg    . . .      Spirit   .   b - +1 leather armour
rPois   .          Reflect  .   c - +0 hat
rElec   .          Harm     .   (no cloak)
rCorr   +          Rampage  .   (no gloves)
Will    .....                   (no boots)
Stlth   +.........              (no amulet)
HPRegen 1.29/turn               (no ring)
MPRegen 0.44/turn               (no ring)

@: lethally poisoned (-2 -> -3), on fire, slowed, glowing, very slow
A: horns 2, retaliatory headbutt
a: Renounce Religion, Oozemancy


You were on level 7 of the Dungeon.
You worshipped Jiyva.
Jiyva was most pleased with you.
You visited 1 branch of the dungeon, and saw 5 of its levels.

You collected 140 gold pieces.

Inventory:

Hand Weapons
 a - a +0 long sword (weapon)
Missiles
 d - 3 throwing nets (quivered)
Armour
 b - a +1 leather armour (worn)
 c - a +0 hat (worn)
 k - a +0 kite shield (worn)
Scrolls
 e - a scroll of enchant armour
 f - 2 scrolls of fear {unknown}
 i - a scroll of identify {unknown}
Potions
 g - 3 potions of curing {unknown}
 h - a potion of berserk rage {unknown}
 j - 3 potions of brilliance


   Skills:
 + Level 3.2 Fighting
 + Level 5.6 Long Blades
 + Level 2.1 Throwing
 + Level 2.4 Armour
 + Level 4.9 Dodging
 + Level 0.6 Stealth
 + Level 2.1 Shields


You had 5 spell levels left.
You didn't know any spells.
Your spell library contained the following spells:

 Spells                   Type           Power      Damage    Failure   Level
 Corpse Rot               Necr/Air       0%         N/A       95%         2
 Poisonous Vapours        Pois/Air       0%         N/A       95%         2
 Dazzling Flash           Conj/Hex       0%         N/A       99%         3
 Iskenderun's Mystic Bla  Conj/Tloc      0%         2d3       100%        4
 Agony                    Necr           0%         N/A       100%        5
 Silence                  Hex/Air        0%         N/A       100%        5
 Starburst                Conj/Fire      0%         6d3       100%        6


Dungeon Overview and Level Annotations

Branches:
Dungeon (4/15)
 Temple: D:4-7

Altars:
Makhleb
Jiyva


Innate Abilities, Weirdness & Mutations

You have a pair of horns on your head.
You reflexively headbutt those who attack you in melee.


Message History

The kobold hits you but does no damage.
You hit the kobold.
You kill the kobold!
You feel sick.
You are no longer poisoned.
The kobold brigand throws a curare-tipped dart.
The curare-tipped dart hits you.
You are poisoned.
You have difficulty breathing.
* * * LOW HITPOINT WARNING * * *
You feel as though you will be slow longer.
The orc hits you but does no damage. The kobold hits you but does no damage.
You block the orc's attack.
The deep elf pyromancer closely misses you.
You furiously retaliate!
You headbutt the deep elf pyromancer.
You hear some strange, mumbled words.
A magic dart appears from out of thin air!
The magic dart hits you.
* * * LOW HITPOINT WARNING * * *
The kobold hits you with a +0 whip.
* * * LOW HITPOINT WARNING * * *
Unknown command.
Unknown command.
You feel very sick.
The kobold brigand hits you with a +0 dagger.
* * * LOW HITPOINT WARNING * * *
The kobold throws a poisoned dart.
You block the poisoned dart. The kobold closely misses you.
You block the kobold brigand's attack.
You hit the deep elf pyromancer but do no damage.
You headbutt the deep elf pyromancer!
The deep elf pyromancer is moderately wounded.
You feel sick.
The deep elf pyromancer hits you but does no damage.
You block the kobold's attack. The kobold brigand barely misses you.
You furiously retaliate!
You headbutt the kobold brigand! You block the orc's attack.
The deep elf pyromancer points at you and mumbles some strange words.
The sticky flame hits you!
You are covered in liquid flames!
You die...

##############
#.............
#.............
#.............
#.Z...........
#oK...........
#@e{.)).......
#.K)..........
#>K.........K.
#.............
######+#####..
.


You could see a deep elf pyromancer, a kobold brigand, an orc, a howler monkey
zombie and 2 kobolds.

Vanquished Creatures
  Eustachio (D:4)
  A centaur skeleton (D:4)
  2 orc wizards
  Terence (D:3)
  An adder (D:3)
  A worm (D:4)
  5 orcs
  2 ball pythons
  4 bats
  2 endoplasms
  3 giant cockroaches (D:1)
  6 goblins
  8 hobgoblins
  2 jackals (D:1)
  8 kobolds
  A quokka (D:2)
  A frilled lizard (D:1)
  4 rats (D:1)
53 creatures vanquished.

Vanquished Creatures (others)
  An orc priest (D:4)
  An iguana (D:4)
  A dart slug (D:3)
  A hobgoblin (D:4)
  A ball python (D:3)
  A frilled lizard (D:3)
6 creatures vanquished.

Grand Total: 59 creatures vanquished

Notes
Turn   | Place    | Note
-------+----------+-------------------------------------------
     0 | D:1      | GigaChad the Minotaur Gladiator began the quest for the
                  | Orb.
     0 | D:1      | Reached XP level 1. HP: 18/18 MP: 0/0
   173 | D:1      | Reached skill level 4 in Long Blades
   183 | D:1      | Reached XP level 2. HP: 22/25 MP: 1/1
   815 | D:2      | Reached XP level 3. HP: 30/30 MP: 2/2
  1125 | D:2      | Found a faded altar of an unknown god.
  1132 | D:2      | Prayed at the altar of an unknown god.
  1132 | D:2      | Became a worshipper of Jiyva Jucup the Shapeless
  1132 | D:2      | Reached * piety under Jiyva
  1560 | D:3      | Reached skill level 1 in Armour
  1609 | D:3      | Found a burning altar of Makhleb.
  1611 | D:3      | Noticed a balrug
  1615 | D:3      | Noticed a smoke demon
  1615 | D:3      | Noticed a ynoxinul
  1665 | D:3      | Noticed Terence
  1678 | D:3      | Killed Terence
  1679 | D:3      | Reached XP level 4. HP: 22/37 MP: 3/3
  1788 | D:3      | Reached ** piety under Jiyva
  2234 | D:4      | Reached skill level 5 in Long Blades
  2450 | D:4      | Reached skill level 1 in Shields
  2450 | D:4      | Reached XP level 5. HP: 45/45 MP: 4/4
  2469 | D:4      | Noticed Eustachio
  2583 | D:4      | Killed Eustachio
  2584 | D:4      | Reached XP level 6. HP: 27/51 MP: 5/5
  2632 | D:4      | You fall into a shaft and drop 3 floors!
  2632 | D:7      | Reached *** piety under Jiyva
  2641 | D:7      | Noticed a deep elf pyromancer
  2654 | D:7      | Killed from afar by a deep elf pyromancer

Illustrated notes

Levels and vault maps discovered:
D:1:      dpeg_arrival_fog, layout_rooms, hangedman_decor_points
D:2:      layout_loops_ring, dilly_ecumenical_altar_fadedgnrine,
          minmay_pentomino_v2
D:3:      layout_loops_ring, makhleb_altar_promises_db, moated_statue,
          uniq_terence
D:4:      layout_basic, kennysheep_generic_room_7, uniq_ijyb, uniq_eustachio
D:7:      layout_basic, kennysheep_mini_moat, mainiacjoe_overflow_24_doors,
          minmay_manual_mess

Skill      XL: |  1  2  3  4  5 |
---------------+----------------+-----
Long Blades    | 4 5 |  5.6
Armour         | 1 2 |  2.4
Dodging        | 4 |  4.9
Fighting       | 3 |  3.2
Shields        | 1 2 |  2.1
Throwing       | |  2.1
Stealth        | |  0.6

Action                   |  1- 3 |  4- 6 || total
-------------------------+-------+-------++-------
Melee: Long sword        |    80 |    67 ||   147
       Headbutt          |    15 |    10 ||    25
  Use: Scroll            |     1 |       ||     1
 Stab: Sleeping          |     1 |       ||     1
Armor: Leather armour    |    31 |    45 ||    76
Dodge: Dodged            |    57 |    71 ||   128
Block: Kite shield       |    17 |    51 ||    68
